Map: 어스름 탑

Players

Apocalypse - Winner!

  • Race: Terran Terran

NightEnD

  • Race: Protoss Protoss

Event: Gauntlet LotV Series 1 Qualifier 1

VOD

Have the link to the VOD?

Description

Time

  • Played on: Nov. 22, 2015, 4:56 p.m.
  • Length: 9:29

All games in this series

Show
View Real Time Build Order
Export as new Build Order

Apocalypse Terran - Winner!

Build Orders: Command Center First (CC), MMM Bio 

Get SALT Encoding   

  12  0:01  SCV  
  13  0:13  SCV  
  14  0:19  Supply Depot  
  14  0:25  SCV  
  15  0:41  SCV  
  16  0:53  SCV  
  17  1:01  Command Center  
  17  1:10  Barracks  
  17  1:14  SCV  
  18  1:25  Barracks  
  18  1:28  SCV  
  19  1:40  SCV  
  21  1:57  Orbital Command  
  21  1:58  Marine  
  21  2:04  Refinery  
  21  2:05  Refinery  
  21  2:13  Orbital Command  
  21  2:14  Marine  
  22  2:16  Marine  
  23  2:23  SCV  
  24  2:35  SCV  
  25  2:37  Barracks Tech Lab, Barracks, Marine  
  25  2:42  SCV  
  27  2:49  SCV  
  27  2:50  Supply Depot  
  28  2:55  Marine  
  28  2:58  Stimpack  
  29  3:00  SCV  
  29  3:02  SCV  
  31  3:08  Marauder  
  31  3:12  SCV  
  34  3:13  Marine  
  34  3:14  SCV  
  35  3:22  Factory  
  35  3:24  SCV  
  35  3:26  SCV  
  37  3:30  Marine  
  37  3:31  Marine x2  
  40  3:36  SCV  
  40  3:40  SCV  
  42  3:42  Supply Depot  
  42  3:44  Engineering Bay  
  43  3:48  SCV  
  43  3:50  Barracks Reactor  
  43  3:51  Barracks Tech Lab, Refinery  
  43  3:53  Marine  
  44  3:57  SCV  
  44  4:00  SCV  
  46  4:08  Starport  
  46  4:09  SCV, Factory Reactor, Supply Depot  
  47  4:13  SCV, Missile Turret  
  47  4:14  Marine  
  47  4:16  Marine  
  50  4:21  Terran Infantry Weapons Level 1  
  50  4:25  SCV x2  
  50  4:27  Marine  
  50  4:28  Marine  
  54  4:32  Combat Shields  
  54  4:37  Marauder  
  56  4:43  Supply Depot  
  56  4:45  Widow Mine x2  
  56  4:50  Marauder  
  56  4:52  Marine  
  62  4:57  Marine  
  57  5:00  SCV  
  57  5:03  Medivac, Marauder  
  62  5:07  Supply Depot  
  62  5:09  Marine  
  62  5:11  Marine  
  62  5:12  SCV  
  63  5:18  SCV  
  64  5:24  Supply Depot, SCV, Widow Mine  
  64  5:25  Marine  
  64  5:26  Concussive Shells, Marauder  
  70  5:29  Marine  
  71  5:36  Barracks x2  
  71  5:42  Medivac x2  
  75  5:45  Marine x2  
  75  5:47  Marauder, Marine  
  80  5:53  Supply Depot  
  80  5:54  SCV  
  81  6:00  SCV  
  81  6:03  Marine x2  
  84  6:06  Factory Reactor  
  84  6:08  SCV  
  84  6:09  Refinery  
  85  6:19  Marine  
  85  6:20  Marauder  
  85  6:21  Marine  
  89  6:29  Command Center  
  89  6:35  SCV x2  
  89  6:38  Supply Depot  
  89  6:39  Marine  
  92  6:40  Barracks Reactor, Marauder  
  92  6:42  Medivac  
  92  6:45  Barracks Tech Lab  
  94  6:47  Terran Infantry Armor Level 1, Medivac  
  94  6:58  Supply Depot  
  94  6:59  Supply Depot, Widow Mine x2  
  94  7:00  SCV x2  
  100  7:01  Supply Depot  
  100  7:04  Marine  
  101  7:12  SCV  
  102  7:17  Sensor Tower  
  102  7:19  Marine x2  
  102  7:20  SCV, Marauder x2  
  109  7:24  SCV  
  109  7:25  Medivac x2  
  109  7:26  Marine x2  
  116  7:32  Marine  
  117  7:38  Marauder  
  117  7:47  Marine  
  117  7:48  Marauder  
  115  7:52  Marine  
  115  7:58  Medivac  
  116  7:59  Armory, Orbital Command, Engineering Bay, SCV  
  116  8:00  SCV  
  116  8:01  Marauder, Marine  
  116  8:03  Marine  
  119  8:07  Marine  
  117  8:16  Marine x2  
  117  8:17  Marine  
  112  8:20  Marine  
  112  8:23  Marauder  
  112  8:24  SCV  
  112  8:25  SCV  
  113  8:28  SCV  
  113  8:30  Marine  
  113  8:31  Supply Depot x2  
  115  8:35  Marauder, Marine x2  
  115  8:36  SCV  
  115  8:37  Barracks x3  
  120  8:42  SCV x2  
  120  8:43  Viking  
  120  8:45  Viking  
  126  8:48  SCV  
  126  8:49  Marine  
  126  8:50  Marauder  
  126  8:54  SCV x2  
  132  9:06  Refinery  
Show
View Real Time Build Order
Export as new Build Order

NightEnD Protoss 

Build Orders: 1 Gate Expand, Blink Stalkers 

Get SALT Encoding   

  12  0:01  Probe (Chrono Boost)  
  13  0:11  Probe (Chrono Boost)  
  14  0:18  Pylon  
  14  0:22  Probe (Chrono Boost)  
  15  0:36  Probe (Chrono Boost)  
  15  0:38  Gateway  
  16  0:47  Probe (Chrono Boost)  
  17  0:57  Probe (Chrono Boost)  
  18  1:08  Probe (Chrono Boost)  
  19  1:15  Nexus  
  19  1:19  Probe (Chrono Boost)  
  19  1:23  Assimilator  
  20  1:27  Assimilator  
  20  1:31  Probe (Chrono Boost)  
  21  1:39  Cybernetics Core  
  21  1:42  Probe (Chrono Boost)  
  22  1:48  Pylon  
  22  1:52  Probe (Chrono Boost)  
  23  2:06  Probe (Chrono Boost)  
  24  2:16  Adept  
  24  2:17  Mothership Core (Chrono Boost)  
  24  2:21  Warp Gate  
  28  2:27  Probe (Chrono Boost)  
  29  2:36  Probe (Chrono Boost)  
  30  2:38  Probe (Chrono Boost)  
  31  2:45  Robotics Facility  
  31  2:46  Probe (Chrono Boost)  
  31  2:49  Probe (Chrono Boost)  
  31  2:50  Adept  
  35  2:57  Probe (Chrono Boost)  
  36  2:59  Probe (Chrono Boost)  
  37  3:07  Probe (Chrono Boost)  
  37  3:10  Probe (Chrono Boost)  
  39  3:15  Forge  
  39  3:17  Adept  
  39  3:19  Twilight Council  
  41  3:22  Pylon  
  41  3:23  Probe (Chrono Boost)  
  41  3:25  Probe (Chrono Boost)  
  43  3:32  Assimilator  
  44  3:34  Probe (Chrono Boost)  
  44  3:35  Probe (Chrono Boost), Assimilator  
  44  3:37  Observer  
  46  3:44  Probe (Chrono Boost), Adept  
  46  3:46  Probe (Chrono Boost)  
  50  3:51  Pylon, Protoss Ground Armor Level 1  
  50  3:55  Probe (Chrono Boost)  
  51  3:57  Blink (Chrono Boost)  
  51  3:59  Probe (Chrono Boost)  
  52  4:05  Probe (Chrono Boost)  
  53  4:10  Probe  
  53  4:13  Observer  
  55  4:17  Probe  
  55  4:22  Probe, Gateway  
  55  4:23  Gateway  
  57  4:28  Adept  
  57  4:29  Probe  
  60  4:34  Probe  
  61  4:39  Pylon  
  61  4:41  Probe  
  61  4:42  Pylon  
  62  4:56  Probe  
  62  4:58  Gateway  
  61  5:07  Probe  
  62  5:08  Probe  
  63  5:14  Nexus  
  63  5:15  Pylon  
  63  5:16  Adept  
  65  5:22  Gateway x2  
  65  5:25  Probe x2  
  67  5:30  Gateway, Observer  
  67  5:33  Protoss Ground Weapons Level 1, Pylon  
  68  5:37  Probe  
  68  5:38  Probe  
  69  5:43  Stalker x2  
  73  5:52  Observer  
  73  5:53  Robotics Bay  
  73  5:54  Probe  
  75  5:59  Stalker  
  75  6:01  Probe  
  78  6:05  Photon Cannon  
  78  6:06  Stalker, Probe  
  78  6:07  Stalker  
  83  6:13  Observer  
  84  6:21  Stalker x2  
  82  6:33  Photon Cannon  
  82  6:39  Probe x2  
  84  6:41  Adept x2  
  84  6:42  Adept  
  90  6:49  Stalker x3  
  96  6:55  Colossus (Chrono Boost)  
  96  6:58  Probe  
  96  6:59  Probe x2  
  105  7:14  Pylon  
  105  7:16  Pylon  
  105  7:18  Pylon  
  105  7:24  Pylon  
  105  7:30  Stalker  
  105  7:31  Stalker  
  105  7:34  Stalker x4  
  113  7:54  Stalker x2  
  101  8:02  Stalker x4  
  83  8:27  Adept x6  
  95  8:47  Stalker x2  
  95  8:48  Stalker x4  
  107  8:50  Warp Prism (Chrono Boost)  
  109  9:09  Mothership Core (Chrono Boost)  
  109  9:16  Adept x5  
Tags
 
Add a new tag
Caveats
  • Supply blocks, unpowered buildings, or Contaminate may cause inaccurate times.
  • Supply counts are checked every 10 seconds.